 Dungeon Crawl Stone Soup version 0.29.0-4-gdea44cf6ec (webtiles) character file.

Game seed: 11258776021013341488

1142 qw the Cleaver (level 8, -10/56 HPs)
             Began as a Tengu Warper on Aug 28, 2022.
             Mangled by a two-headed ogre
             ... wielding a +0 giant club
              (13 damage)
             ... on level 6 of the Dungeon.
             The game lasted 00:00:34 (5962 turns).

qw the Cleaver (Tengu Warper)                       Turns: 5962, Time: 00:00:35

Health: -10/56     AC: 19    Str: 14    XL:     8   Next: 37%
Magic:  10/10      EV:  5    Int: 13    God:
Gold:   57         SH:  0    Dex: 14    Spells: 11/11 levels left

rFire   . . .      SeeInvis .   Y - +0 hand axe (protect)
rCold   . . .      Faith    .   (no shield)
rNeg    . . .      Spirit   .   j - +1 plate armour
rPois   .          Reflect  .   (helmet restricted)
rElec   .          Harm     .   (no cloak)
rCorr   .          Rampage  .   (no gloves)
Will    .....      Clarity  +   (boots unavailable)
Stlth   ..........              (no amulet)
HPRegen 0.18/turn               (no ring)
MPRegen 0.12/turn               (no ring)

@: about to teleport, under a protective aura, flying quickly and evasively,
quick
A: beak, talons 3, nimble flight, horns 1, clarity, low MP 1, subdued magic 1
a: no special abilities


You were on level 6 of the Dungeon.
You visited 1 branch of the dungeon, and saw 6 of its levels.

You collected 252 gold pieces.
You spent 195 gold pieces at shops.


Innate Abilities, Weirdness & Mutations

You have a beak for a mouth.
You have claws for feet.
Your magical nature lets you fly swiftly and evasively.
You have a pair of small horns on your head.
You possess an exceptional clarity of mind.
Your magical capacity is low. (-10% MP)
Your spells are a little easier to cast, but a little less powerful.


   Skills:
 - Level 9.4 Fighting
 - Level 13.2 Axes
 - Level 2.1 Throwing
 + Level 3.4 Armour
 - Level 3.3 Dodging
 - Level 2.0 Spellcasting
 - Level 2.4 Translocations


You had 11 spell levels left.
You didn't know any spells.
Your spell library contained the following spells:

 Spells                   Type           Power      Damage    Failure   Level
 Blink                    Tloc           10%        N/A       100%        2
 Gell's Gravitas          Tloc           5%         N/A       100%        3
 Lesser Beckoning         Tloc           5%         N/A       100%        3
 Teleport Other           Tloc           5%         N/A       100%        3
 Manifold Assault         Tloc           5%         N/A       100%        5

Inventory:

Hand Weapons
 i - a +0 flail of protection
 Y - a +0 hand axe of protection (weapon)
Missiles
 f - 2 javelins (quivered)
Armour
 j - a +1 plate armour (worn)
Scrolls
 a - 2 scrolls of identify
Potions
 b - a potion of magic {unknown}
 c - a potion of mutation
 d - a potion of heal wounds {unknown}
 e - 2 potions of curing
 h - a potion of attraction {unknown}
 k - a potion of haste
 m - a potion of flight {unknown}
 n - a potion of degeneration {unknown}

Dungeon Overview and Level Annotations

Branches:
Dungeon (6/15)
 Temple: D:4-7

Altars:
Uskayaw

Shops:
D:5 (


Message History

The orc wizard hits you but does no damage.
You hit the orc wizard. Your kick misses the orc wizard.
You headbutt the orc wizard. You peck the orc wizard.
You kill the orc wizard!
A hound comes into view.
The hound barks!
The hound bites you but does no damage.
Things that are here:
a +0 dagger; a +0 robe; an orc corpse You hit the hound.
You claw the hound. You peck the hound.
The hound is almost dead.
The hound bites you but does no damage.
You hit the hound.
You kill the hound!
An ice beast comes into view.
A two-headed ogre comes into view. It is wielding two +0 giant clubs.
Your Throwing skill increases to level 2!
5956 ||| Stepping ~*~*~tactically~*~*~ (stealth).
You hit the two-headed ogre.
You headbutt the two-headed ogre, but do no damage.
The two-headed ogre is lightly wounded.
The two-headed ogre hits you with a +0 giant club.
The two-headed ogre hits you with a +0 giant club!
You hit the two-headed ogre. You headbutt the two-headed ogre.
The two-headed ogre is lightly wounded.
You hit the two-headed ogre but do no damage.
You claw the two-headed ogre.
The two-headed ogre is moderately wounded.
You hit the two-headed ogre. You headbutt the two-headed ogre.
You peck the two-headed ogre, but do no damage.
The two-headed ogre is moderately wounded.
The two-headed ogre hits you with a +0 giant club!!
The two-headed ogre hits you with a +0 giant club.
5962 ||| READING scroll of teleportation.
As you read the scroll of teleportation, it crumbles to dust.
You feel strangely unstable.
A centaur comes into view.
The two-headed ogre hits you with a +0 giant club.
The two-headed ogre hits you with a +0 giant club!
You die...

#... ... ... ###
# .. .Y .#. #. .#
.... #.###c# #
.....#..@O.# #.
#.....#.....# #..
#.###.#.###.#
#...#.....#.....#
#.............).
#..............
#####.######...
##.#.# #..
####....########


You could see a two-headed ogre and a centaur (wandering).

Vanquished Creatures
  A water moccasin (D:3)
  2 phantoms
  A scorpion (D:5)
  3 hounds
  3 orc priests
  3 iguanas
  Ijyb (D:4)
  Natasha (thrice) (D:4)
  2 orc wizards
  6 gnolls
  5 adders
  2 worms (D:3)
  4 dart slugs
  4 orcs
  4 ball pythons
  5 bats
  7 endoplasms
  3 giant cockroaches
  10 goblins
  5 hobgoblins
  5 jackals
  2 quokkas
  4 frilled lizards
  5 kobolds
  6 rats
96 creatures vanquished.

Notes
Turn   | Place    | Note
-------+----------+-------------------------------------------
     0 | D:1      | qw the Tengu Warper began the quest for the Orb.
     0 | D:1      | Reached XP level 1. HP: 12/12 MP: 4/4
     0 | D:1      | 0 ||| qw: Version: 0.1-a-89-g26bdef1
     0 | D:1      | 0 ||| qw: Game counter: 2075
     0 | D:1      | 0 ||| qw: Always use a shield: true
     0 | D:1      | 0 ||| qw: God list: Okawaru
     0 | D:1      | 0 ||| qw: Allow faded altars: false
     0 | D:1      | 0 ||| qw: Do Orc after D:15 true
     0 | D:1      | 0 ||| qw: Do second Lair branch before Depths: true
     0 | D:1      | 0 ||| qw: Lair rune preference: random
     0 | D:1      | 0 ||| qw: Plans: Normal
     0 | D:1      | 0 ||| PLANNING D:1-11
   203 | D:1      | 203 ||| Stepping ~*~*~tactically~*~*~ (stealth).
   204 | D:1      | 204 ||| Stepping ~*~*~tactically~*~*~ (stealth).
   206 | D:1      | 206 ||| Stepping ~*~*~tactically~*~*~ (stealth).
   343 | D:1      | Reached XP level 2. HP: 17/17 MP: 6/6
   354 | D:1      | Reached skill level 3 in Axes
   390 | D:1      | 390 ||| Stepping ~*~*~tactically~*~*~ (stealth).
   392 | D:1      | 392 ||| Stepping ~*~*~tactically~*~*~ (stealth).
   438 | D:1      | 438 ||| Stepping ~*~*~tactically~*~*~ (stealth).
   810 | D:1      | 810 ||| READING scroll labelled MAGEID WAALEAC.
   811 | D:1      | 811 ||| READING scroll labelled UTIATR VAMO.
   812 | D:1      | 812 ||| READING scroll labelled SYQYUP DOYRCHAP.
   813 | D:1      | 813 ||| READING scroll labelled MUOLEXT ONTEMN.
   814 | D:1      | 814 ||| DROPPING scroll of blinking.
   872 | D:2      | 872 ||| Stepping ~*~*~tactically~*~*~ (stealth).
   981 | D:2      | 981 ||| Stepping ~*~*~tactically~*~*~ (stealth).
   982 | D:2      | 982 ||| Stepping ~*~*~tactically~*~*~ (stealth).
   984 | D:2      | 984 ||| Stepping ~*~*~tactically~*~*~ (stealth).
   986 | D:2      | 986 ||| Stepping ~*~*~tactically~*~*~ (stealth).
   989 | D:2      | 989 ||| Stepping ~*~*~tactically~*~*~ (stealth).
   993 | D:2      | 993 ||| Stepping ~*~*~tactically~*~*~ (hiding).
  1003 | D:2      | Reached skill level 4 in Axes
  1003 | D:2      | Reached XP level 3. HP: 13/21 MP: 7/7
  1213 | D:2      | 1213 ||| DROPPING +2 vorpal hand axe.
  1218 | D:2      | Reached XP level 4. HP: 26/26 MP: 8/8
  1468 | D:2      | 1468 ||| Stepping ~*~*~tactically~*~*~ (stealth).
  1473 | D:2      | 1473 ||| Stepping ~*~*~tactically~*~*~ (stealth).
  1565 | D:2      | 1565 ||| Stepping ~*~*~tactically~*~*~ (hiding).
  1667 | D:2      | 1667 ||| Stepping ~*~*~tactically~*~*~ (hiding).
  2164 | D:2      | 2164 ||| READING scroll labelled YTHEVO KAVI.
  2165 | D:2      | 2165 ||| READING scroll labelled WACAIKL YC ITA.
  2266 | D:2      | 2266 ||| DRINKING 2 white potions.
  2266 | D:2      | Reached skill level 13 in Axes
  2266 | D:2      | Gained mutation: Your magical nature lets you fly swiftly
                  | and evasively. [Tengu growth]
  2266 | D:2      | Reached XP level 5. HP: 30/30 MP: 9/9
  2267 | D:2      | 2267 ||| DRINKING potion of experience.
  2267 | D:2      | Reached skill level 9 in Fighting
  2267 | D:2      | Reached XP level 6. HP: 47/47 MP: 10/10
  2354 | D:3      | Noticed a water moccasin
  2365 | D:3      | Killed a water moccasin
  2384 | D:3      | 2384 ||| FLEEEEING.
  2387 | D:3      | 2387 ||| FLEEEEING.
  2396 | D:3      | 2396 ||| STAIRDANCE
  2557 | D:3      | 2557 ||| FLEEEEING.
  2558 | D:3      | 2558 ||| FLEEEEING.
  2605 | D:3      | Found a faded altar of an unknown god.
  2758 | D:3      | 2758 ||| Stepping ~*~*~tactically~*~*~ (stealth).
  2760 | D:3      | 2760 ||| Stepping ~*~*~tactically~*~*~ (hiding).
  2770 | D:3      | 2770 ||| Stepping ~*~*~tactically~*~*~ (stealth).
  2772 | D:3      | 2772 ||| Stepping ~*~*~tactically~*~*~ (stealth).
  2777 | D:3      | Reached XP level 7. HP: 47/51 MP: 11/11
  2868 | D:3      | 2868 ||| Stepping ~*~*~tactically~*~*~ (stealth).
  2879 | D:3      | 2879 ||| Stepping ~*~*~tactically~*~*~ (stealth).
  2892 | D:3      | Reached skill level 3 in Dodging
  3040 | D:3      | 3040 ||| Stepping ~*~*~tactically~*~*~ (stealth).
  3064 | D:3      | 3064 ||| Stepping ~*~*~tactically~*~*~ (hiding).
  3132 | D:3      | 3132 ||| Stepping ~*~*~tactically~*~*~ (stealth).
  3394 | D:3      | 3394 ||| UPGRADING to +0 plate armour.
  3404 | D:3      | 3404 ||| DROPPING +0 leather armour.
  3405 | D:3      | 3405 ||| READING scroll labelled EPLYVO OPHIWK.
  3406 | D:3      | 3406 ||| DRINKING 2 puce potions.
  3407 | D:3      | 3407 ||| DRINKING 2 emerald potions.
  3408 | D:3      | 3408 ||| Stepping randomly (stuck).
  3409 | D:3      | 3409 ||| Stepping ~*~*~tactically~*~*~ (cloud).
  3609 | D:3      | 3609 ||| Stepping randomly (stuck).
  3636 | D:4      | 3636 ||| PLANNING OSSUARY
  3636 | D:4      | 3636 ||| STAIRDANCE
  3665 | D:4      | 3665 ||| Stepping ~*~*~tactically~*~*~ (hiding).
  3668 | D:4      | 3668 ||| Stepping ~*~*~tactically~*~*~ (hiding).
  3672 | D:4      | 3672 ||| Stepping ~*~*~tactically~*~*~ (hiding).
  3692 | D:4      | HP: 8/51 [something (5)]
  3946 | D:4      | 3946 ||| DROPPING +0 whip.
  3981 | D:4      | 3981 ||| READING scroll of enchant armour.
  3981 | D:4      | 3981 ||| ENCHANTING +0 plate armour.
  4294 | D:4      | 4294 ||| RIP OSSUARY
  4309 | D:4      | 4309 ||| PLANNING D:1-11
  4401 | D:4      | Noticed Ijyb
  4402 | D:4      | 4402 ||| Stepping ~*~*~tactically~*~*~ (hiding).
  4403 | D:4      | 4403 ||| Stepping ~*~*~tactically~*~*~ (hiding).
  4413 | D:4      | Killed Ijyb
  4478 | D:4      | Noticed Natasha
  4483 | D:4      | Killed Natasha
  4542 | D:4      | Noticed Natasha
  4543 | D:4      | 4543 ||| Stepping ~*~*~tactically~*~*~ (hiding).
  4557 | D:4      | Killed Natasha
  4711 | D:4      | Reached XP level 8. HP: 46/56 MP: 12/12
  4714 | D:4      | 4714 ||| FLEEEEING.
  4715 | D:4      | 4715 ||| FLEEEEING.
  4716 | D:4      | 4716 ||| FLEEEEING.
  4717 | D:4      | 4717 ||| FLEEEEING.
  4718 | D:4      | 4718 ||| FLEEEEING.
  4719 | D:4      | 4719 ||| FLEEEEING.
  4720 | D:4      | 4720 ||| FLEEEEING.
  4721 | D:4      | 4721 ||| FLEEEEING.
  4722 | D:4      | 4722 ||| FLEEEEING.
  4723 | D:4      | 4723 ||| FLEEEEING.
  4724 | D:4      | 4724 ||| FLEEEEING.
  4725 | D:4      | 4725 ||| FLEEEEING.
  4726 | D:4      | 4726 ||| FLEEEEING.
  4727 | D:4      | 4727 ||| FLEEEEING.
  4728 | D:4      | 4728 ||| FLEEEEING.
  4729 | D:4      | 4729 ||| FLEEEEING.
  4730 | D:4      | 4730 ||| FLEEEEING.
  4731 | D:4      | 4731 ||| FLEEEEING.
  4732 | D:4      | 4732 ||| FLEEEEING.
  4733 | D:4      | 4733 ||| FLEEEEING.
  4734 | D:4      | 4734 ||| FLEEEEING.
  4735 | D:4      | 4735 ||| FLEEEEING.
  4736 | D:4      | 4736 ||| FLEEEEING.
  4737 | D:4      | 4737 ||| FLEEEEING.
  4738 | D:4      | 4738 ||| FLEEEEING.
  4739 | D:4      | 4739 ||| FLEEEEING.
  4741 | D:4      | 4741 ||| FLEEEEING.
  4742 | D:4      | 4742 ||| FLEEEEING.
  4748 | D:4      | 4748 ||| STAIRDANCE
  4790 | D:3      | 4790 ||| READING scroll labelled JIOSUFRADWA.
  4791 | D:3      | 4791 ||| READING scroll labelled VAK JEEBAOVIN.
  4796 | D:3      | 4796 ||| DRINKING 2 dark potions.
  4796 | D:3      | Gained mutation: Your spells are a little easier to cast,
                  | but a little less powerful. [potion of mutation]
  4796 | D:3      | Gained mutation: You possess an exceptional clarity of
                  | mind. [potion of mutation]
  4796 | D:3      | Gained mutation: Your magical capacity is low. (-10% MP)
                  | [potion of mutation]
  4796 | D:3      | Gained mutation: You have a pair of small horns on your
                  | head. [potion of mutation]
  4797 | D:3      | 4797 ||| READING 3 scrolls of identify.
  4797 | D:3      | 4797 ||| IDENTIFYING viscous inky potion
  4798 | D:3      | 4798 ||| READING 2 scrolls of identify.
  4798 | D:3      | 4798 ||| IDENTIFYING smoky white potion
  4799 | D:3      | 4799 ||| DROPPING potion of lignification.
  4800 | D:3      | 4800 ||| DROPPING potion of berserk rage.
  4801 | D:3      | 4801 ||| DROPPING potion of brilliance.
  4820 | D:4      | Reached skill level 3 in Armour
  5039 | D:4      | Noticed Natasha
  5042 | D:4      | 5042 ||| FLEEEEING.
  5043 | D:4      | 5043 ||| FLEEEEING.
  5044 | D:4      | 5044 ||| FLEEEEING.
  5045 | D:4      | 5045 ||| FLEEEEING.
  5046 | D:4      | 5046 ||| FLEEEEING.
  5047 | D:4      | 5047 ||| FLEEEEING.
  5059 | D:4      | 5059 ||| FLEEEEING.
  5074 | D:4      | 5074 ||| FLEEEEING.
  5075 | D:4      | 5075 ||| FLEEEEING.
  5084 | D:4      | Killed Natasha
  5181 | D:5      | Entered Level 5 of the Dungeon
  5322 | D:5      | Found Tapt's Antique Weapon Boutique.
  5331 | D:5      | 5331 ||| BUYING glowing flail (195 gold).
  5331 | D:5      | Bought a glowing flail for 195 gold pieces
  5331 | D:5      | 5331 ||| DROPPING +0 flail.
  5751 | D:5      | Found a hide-covered altar of Uskayaw.
  5905 | D:5      | 5905 ||| READING scroll labelled URALUM VIZOTO.
  5955 | D:6      | Noticed a two-headed ogre
  5956 | D:6      | 5956 ||| Stepping ~*~*~tactically~*~*~ (stealth).
  5961 | D:6      | HP: 14/56 [two-headed ogre/+0 giant club (27)]
  5962 | D:6      | 5962 ||| READING scroll of teleportation.
  5962 | D:6      | HP: 3/56 [two-headed ogre/+0 giant club (5)]
  5962 | D:6      | Mangled by a two-headed ogre

Levels and vault maps discovered:
D:1:      lightli_arrival_flooded_house, layout_loops_cross
D:2:      layout_loops_cross, chequers_serial_rivers_large_a
D:3:      layout_basic, nicolae_ecumenical_oubliette,
          amcnicky_mini_rare_corridor_liquid, minmay_goblin_outpost
D:4:      layout_basic, nicolae_ossuary_entry_plus, minmay_misc_feat_nine_boxes,
          uniq_natasha, uniq_ijyb
D:5:      layout_loops_corners, mainiacjoe_overflow_six_doors_small,
          serial_shops, shop, hangedman_decor_lopped
D:6:      hangedman_cross_stitches, layout_loops_corners,
          nemelex_xobeh_ov_fountains_minmay, minmay_temple_entry_mist

Skill      XL: |  1  2  3  4  5  6  7  8 |
---------------+-------------------------+-----
Axes           | 4 13 | 13.2
Fighting       | 9 |  9.4
Dodging        | 3 |  3.3
Armour         | 2 3 |  3.4
Throwing       | 2 |  2.1
Spellcasting   | |  2.0
Translocations | |  2.4

Action                   |  1- 3 |  4- 6 |  7- 9 || total
-------------------------+-------+-------+-------++-------
Melee: Hand axe          |    55 |    53 |   186 ||   294
       Kick              |     9 |    19 |    59 ||    87
       Peck              |     5 |    10 |    42 ||    57
       Punch             |       |       |     2 ||     2
       Headbutt          |       |       |    13 ||    13
Throw: Boomerang         |     7 |       |       ||     7
       Javelin           |       |       |    22 ||    22
  Use: Scroll            |     4 |     2 |     8 ||    14
       Potion            |       |     2 |     3 ||     5
Armor: Leather armour    |    19 |    11 |     5 ||    35
       Plate armour      |       |       |    52 ||    52
Dodge: Dodged            |    26 |    24 |    29 ||    79

Table legend:
 A = Non-vault XP
 B = Vault XP
 C = Vault XP percentage of total XP
 D = Non-vault monster count
 E = Vault monster count
 F = Vault count percentage of total count
                 A         B        C        D         E       F
            +---------+---------+-------+---------+---------+-------
      Total |    1164 |     158 |  12.0 |      85 |      11 |  11.5
            +---------+---------+-------+---------+---------+-------
        D:1 |      22 |       0 |   0.0 |      12 |       0 |   0.0
        D:2 |      89 |       0 |   0.0 |      20 |       0 |   0.0
        D:3 |     352 |      11 |   3.0 |      23 |       7 |  23.3
        D:4 |     416 |      70 |  14.4 |      20 |       2 |   9.1
        D:5 |     285 |       0 |   0.0 |      10 |       0 |   0.0
        D:6 |       0 |      77 | 100.0 |       0 |       2 | 100.0
            +---------+---------+-------+---------+---------+-------
